 Dungeon Crawl Stone Soup version 0.21.1 (webtiles) character file.

281948 Jannitor the Spry (level 20, -2/114 HPs)
             Began as a Deep Elf Chaos Knight on Feb 5, 2018.
             Slain by an Executioner (5 damage)
             ... summoned by Asterion
             ... on level 2 of the Elven Halls.
             The game lasted 02:54:46 (53218 turns).

Jannitor the Spry (Deep Elf Chaos Knight)          Turns: 53218, Time: 02:54:47

Health: -2/114     AC: 22    Str: 19    XL:     20   Next: 9%
Magic:  37/38      EV: 32    Int: 20    God:    Xom [..*...]
Gold:   654        SH: 13    Dex: 20    Spells: 8/44 levels left

rFire    + . .     SeeInvis .   e - +9 scimitar (flame)
rCold    + + .     Gourm    .   D - +3 buckler {reflect}
rNeg     + + .     Faith    .   X - +0 acid dragon scales
rPois    .         Spirit   .   y - +4 hat of the Eternal Fruit {rElec rF+ Str-3 Dex+4}
rElec    +         Reflect  +   Q - scarf {rC+ rF+}
rCorr    +         Harm     .   r - +2 pair of gloves {Str+3}
MR       +++..     Clarity  +   M - +2 pair of boots {Stlth+}
Stlth    ++........             Y - amulet of the Air {Inacc +Fly rElec EV+5 RMsl}
HPRegen  0.29/turn              h - ring of protection from magic
MPRegen  0.26/turn              F - ring "Jynauf" {Ice rElec rN++ Int-2}

@: mighty, very slightly contaminated, hasted, invisible, repel missiles, very
quick
A: beak, talons 1, iridescent scales 1, large bone plates 1, blurry vision 1,
clarity, frail 1, shaggy fur 1, strong 1
}: 1/15 runes: serpentine
a: Renounce Religion, Evoke Flight


You were on level 2 of the Elven Halls.
You worshipped Xom.
You were a toy of Xom.
You were hungry.

You visited 6 branches of the dungeon, and saw 32 of its levels.
You visited 1 bazaar.
You also visited: Ice Cave.

You collected 4029 gold pieces.
You spent 3375 gold pieces at shops.

Inventory:

Hand Weapons
 e - a +9 scimitar of flaming (weapon)
Armour
 r - a +2 pair of gloves of strength (worn)
 v - a scarf of spirit shield
 y - the +4 hat of the Eternal Fruit (worn) {rElec rF+ Str-3 Dex+4}
   (You bought it in a shop on level 8 of the Dungeon)

   It affects your strength (-3).
   It affects your dexterity (+4).
   It protects you from fire.
   It insulates you from electricity.
 D - a +3 buckler of reflection (worn)
 L - the +1 ring mail of the Orb Guardian {rPois rF+}
   (You bought it in a shop in a bazaar)

   It protects you from fire.
   It protects you from poison.
 M - a +2 pair of boots of stealth (worn)
 Q - a scarf of resistance (worn)
 X - +0 acid dragon scales (worn)
Jewellery
 h - a ring of protection from magic (left hand)
 F - the ring "Jynauf" (right hand) {Ice rElec rN++ Int-2}
   (You found it in an ice cave)

   [ring of ice]

   It enhances your ice magic.
   It affects your intelligence (-2).
   It makes you vulnerable to fire.
   It protects you from cold.
   It insulates you from electricity.
   It greatly protects you from negative energy.
 Y - the amulet of the Air (around neck) {Inacc +Fly rElec EV+5 RMsl}
   (You bought it in a shop on level 6 of the Dungeon)

   [amulet of inaccuracy]

   It reduces the accuracy of all your attacks.
   It affects your evasion (+5).
   It insulates you from electricity.
   It lets you fly.
   It protects you from missiles.
Wands
 f - a wand of disintegration (8)
 k - a wand of flame (56)
 t - a wand of clouds (1)
 O - a wand of scattershot (4)
 S - a wand of acid (11)
 T - a wand of iceblast (8)
 U - a wand of paralysis (12)
Scrolls
 g - 5 scrolls of amnesia
 j - 13 scrolls of remove curse
 l - 3 scrolls of holy word
 n - 11 scrolls of teleportation
 p - a scroll of vulnerability
 q - 12 scrolls of identify
 s - a scroll of enchant weapon
 x - 2 scrolls of enchant armour
 A - a scroll of fog
 E - a scroll of silence
 J - a scroll of magic mapping
 P - a scroll of brand weapon
 R - 4 scrolls of fear
Potions
 a - a potion of berserk rage
 b - a potion of ambrosia
 d - 6 potions of curing
 i - 5 potions of agility
 o - 3 potions of haste
 w - 2 potions of resistance
 z - 5 potions of brilliance
 G - 2 potions of magic
 N - 10 potions of flight
 V - 2 potions of mutation
 Z - 2 potions of might
Books
 C - a book of Ice

   Spells                             Type                      Level
   a - Ice Form                       Ice/Transmutation            4
   b - Metabolic Englaciation         Hexes/Ice                    5
   c - Ozocubu's Refrigeration        Ice                          6
   d - Bolt of Cold                   Conjuration/Ice              6
   e - Freezing Cloud                 Conjuration/Ice/Air          6
   f - Simulacrum                     Ice/Necromancy               6
 H - a book of Enchantments

   Spells                             Type                      Level
   a - Cause Fear                     Hexes                        4
   b - Yara's Violent Unravelling     Hexes/Transmutation          5
   c - Silence                        Hexes/Air                    5
   d - Deflect Missiles               Charms/Air                   6
   e - Discord                        Hexes                        8
Miscellaneous
 m - a lamp of fire
 u - 2 boxes of beasts
 B - a phial of floods
 I - a lightning rod (4/4)
Comestibles
 c - 41 rations


   Skills:
 + Level 14.3 Fighting
   Level 8.8(12.5) Short Blades
 - Level 13.2(14.0) Long Blades
 - Level 9.4 Armour
 + Level 18.1 Dodging
 - Level 4.0 Shields
 + Level 12.9 Spellcasting
 + Level 6.9 Conjurations
 + Level 15.1 Hexes
 + Level 10.1 Ice Magic
 - Level 3.0 Air Magic
 - Level 14.8 Evocations


You had 8 spell levels left.
You knew the following spells:

 Your Spells              Type           Power        Failure   Level  Hunger
a - Ensorcelled Hibernat  Hex/Ice        ######       1%          2    None
b - Tukima's Dance        Hex            ######..     1%          3    None
c - Confuse               Hex            ######..     1%          3    None
d - Invisibility          Hex            ######..     1%          6    #####..
e - Apportation           Tloc           ##....       6%          1    None
f - Metabolic Englaciati  Hex/Ice        #######...   1%          5    ####...
g - Silence               Hex/Air        #####.....   4%          5    ####...
h - Bolt of Cold          Conj/Ice       ######....   28%         6    #####..
i - Yara's Violent Unrav  Hex/Tmut       #####.....   8%          5    ####...


Dungeon Overview and Level Annotations

Branches:
Dungeon (15/15)            Temple (0/1) D:6            Lair (6/6) D:11
 Shoals (0/4) Lair:4        Snake (4/4) Lair:2        Slime (0/5) Lair:5
    Orc (2/2) D:10            Elf (2/3) Orc:2        Vaults (3/5) D:14
  Crypt (0/3) Vaults:3     Depths (0/5) D:15

Altars:
Cheibriados
Fedhas
Gozag
Makhleb
Vehumet
Xom
Beogh

Shops:
D:6 :=!:(   D:8 }[[:   Orc:2 ((*:   Elf:1 %   Elf:2 }   Snake:1 [   Snake:3 =}=
Vaults:2 *   Vaults:3 *

Portals:
Hell: Lair:6
Trove: Vaults:2 (give +3 gold dragon scales)

Annotations:
D:3 1 runed door
D:10 2 runed doors
Elf:2 3 runed doors, Asterion


Innate Abilities, Weirdness & Mutations

You have a beak for a mouth.
You have sharp toenails.
You are partially covered in iridescent scales. (AC +2)
You are partially covered in large bone plates. (SH +4)
Scrolls take you a little longer to read.
You possess an exceptional clarity of mind.
You are frail. (-10% HP)
You are covered in fur. (AC +1)
Your muscles are strong. (Str +2)


Message History

Asterion says, "No maze can contain me."
Asterion hits you with a vampiric demon whip!!
* * * LOW HITPOINT WARNING * * *
Xom thinks this is hilarious!
Asterion draws strength from your wounds!
Asterion gores you but does no damage. You block the Executioner's attack.
The Executioner hits you but does no damage.
The Executioner closely misses you.
Unknown command.
Unknown command.
Evoke which item? (* to show all) (? for menu, Esc to quit)
Aiming: Corrosive Bolt
Press: ? - help, Shift-Dir - straight line, f/p - Asterion
Aim: Asterion, wielding a vampiric demon whip, wearing a shiny chain mail and wearing a shield (severely wounded, fast, poisoned, covered in acid)
The bolt of acid hits Asterion.
Asterion is splashed with acid.
Asterion is almost dead.
Asterion closely misses you. You block Asterion's attack.
The Executioner hits you.
You die...
Xom chuckles heartily!

..#......#..#....#..#........#...
..+......#..###'##..#..#.....# ..
..#......#..........#..#.....#
..#......#..........#..'.....#
..#......##########'#..#######
###................(.........
.............................
.........####§#######'########
.........#../§.H@............#
.........#.....1.............#
.........#..###############..#
.........#.. #..# .......[.#..
#(.# ...(.....#( #.)# .........#.
#..# .........# #..# .........#
#..#


You could see Asterion and an Executioner.

Vanquished Creatures
  Jorgrun (Elf:2)
  An Ice Fiend (IceCv)
  2 sphinxes
  11 nagarajas
  An orc warlord (Vaults:1)
  A frost giant (D:14)
  8 vault wardens
  A deep elf sorcerer (Elf:2)
  Aizul (Elf:1)
  7 ironheart preservers
  7 very ugly things
  A war gargoyle (Vaults:3)
  2 stone giants (Vaults:3)
  The ghost of RUZZLEFAZAZZLE the Fighter, a journeyman HOFi of Okawaru (Orc:2)
  A deep elf demonologist (Vaults:3)
  2 deep elf annihilators
  Azrael (Orc:2)
  A dire elephant (Lair:6)
  An ettin (Snake:3)
  A spark wasp (D:11)
  2 minotaurs
  4 deep elf death magi
  2 fire dragons
  Josephine (Lair:6)
  A great orb of eyes (Vaults:2)
  An ice dragon (Vaults:2)
  5 yaktaur captains
  13 naga warriors
  9 vault guards
  7 hydras
  3 centaur warriors
  A catoblepas (shapeshifter) (Vaults:3)
  21 two-headed ogres
  5 tengu warriors
  3 death yaks (D:11)
  9 anacondas
  A catoblepas (D:13)
  A deep troll earth mage (Vaults:3)
  6 ogre magi
  3 death knights
  An orc high priest (Orc:2)
  A sun demon (Lair:6)
  15 deep elf knights
  7 shock serpents
  13 naga sharpshooters
  16 skeletal warriors
  7 deep trolls
  A spriggan druid (Elf:1)
  7 sea snakes
  An unseen horror (D:14)
  A flayed ghost (Vaults:3)
  2 naga ritualists
  A phantasmal warrior (D:14)
  5 salamander mystics
  10 deep elf archers
  5 wizards
  6 ironbrand convokers
  2 necromancers
  7 orc knights
  4 mana vipers
  3 harpies (Vaults:2)
  A human zombie (Vaults:2)
  An orb spider (shapeshifter) (D:14)
  A stone giant zombie (D:15)
  5 oklob plants
  3 manticores
  9 salamanders
  6 orc sorcerers
  39 deep elf magi
  2 wolf spiders
  6 cyclopes
  25 ugly things
  19 elephants
  4 centaur zombies
  8 vault sentinels
  10 guardian serpents
  Maurice (D:10)
  12 naga magi
  41 black mambas
  A frost giant skeleton (D:15)
  A water nymph (shapeshifter) (Snake:4)
  14 spiny frogs
  A smoke demon (Lair:6)
  A yaktaur zombie (D:15)
  A gargoyle (D:13)
  2 orange demons (Lair:6)
  2 rime drakes (Lair:6)
  A yaktaur (shapeshifter) (Vaults:1)
  A spriggan zombie (D:15)
  17 yaktaurs
  8 komodo dragons
  2 tengu conjurers (D:14)
  7 ice devils
  2 freezing wraiths (IceCv)
  A red devil (Lair:6)
  3 anaconda simulacra (IceCv)
  10 trolls
  A tengu simulacrum (Vaults:2)
  A jumping spider (shapeshifter) (Vaults:3)
  2 golden dragon simulacra (IceCv)
  A yaktaur skeleton (Vaults:2)
  A meliai (D:14)
  11 blink frogs
  4 polar bears
  A hornet (shapeshifter) (Snake:2)
  A shadow dragon simulacrum (Vaults:3)
  16 slime creatures
  3 hornets
  7 hippogriffs
  A wind drake (Lair:5)
  10 dancing weapons
  2 water elementals
  2 air elementals (Elf:1)
  A tarantella (Lair:4)
  A vampire (D:14)
  3 wraiths
  A human (shapeshifter) (Vaults:1)
  3 fire elementals
  A yak (shapeshifter) (Vaults:1)
  A dire elephant simulacrum (IceCv)
  8 basilisks
  38 yaks
  4 hungry ghosts
  7 wyverns
  A steam dragon (D:8)
  A harpy simulacrum (IceCv)
  A swamp worm (Snake:3)
  2 iron troll simulacra (IceCv)
  53 nagas
  5 wargs
  4 hydra simulacra (IceCv)
  5 acid dragons
  A floating eye (Lair:2)
  7 sky beasts
  2 ettin simulacra (IceCv)
  6 hell hounds
  6 porcupines
  17 water moccasins
  2 alligator simulacra (IceCv)
  4 black bears
  4 ice beasts
  13 ogres
  27 orc warriors
  2 phantoms
  2 eyes of draining
  12 centaurs
  3 boggarts (Vaults:2)
  6 necrophages
  11 crocodiles
  3 big kobolds
  32 bullfrogs
  3 scorpions
  A water moccasin skeleton (D:4)
  6 wights
  5 killer bees
  The ghost of DildoBatman the Sneak, a weakling FoEn (D:4)
  8 howler monkeys
  A swamp dragon simulacrum (IceCv)
  An electric eel (Lair:3)
  5 crimson imps
  A human simulacrum (Vaults:2)
  2 bullfrog zombies
  9 jellies
  5 draconian simulacra (IceCv)
  31 orc wizards
  8 hounds
  A yaktaur simulacrum (Vaults:1)
  2 bullfrog skeletons
  27 orc priests
  9 centaur skeletons
  An iron imp (D:14)
  Natasha (twice) (D:4)
  4 iguanas
  A hell rat (Lair:6)
  2 troll simulacra (IceCv)
  7 worker ants
  A polar bear simulacrum (IceCv)
  A spriggan simulacrum (IceCv)
  A killer bee zombie (D:7)
  2 wolf simulacra (IceCv)
  2 hound skeletons
  A worker ant zombie (D:6)
  A howler monkey skeleton (D:4)
  A howler monkey zombie (D:6)
  16 adders
  3 naga simulacra (IceCv)
  An ogre simulacrum (IceCv)
  4 shadow imps
  3 white imps
  6 ufetubi (IceCv)
  6 oozes
  An adder skeleton (D:8)
  5 worms
  A dart slug (D:3)
  6 leopard geckos
  71 orcs
  5 giant cockroaches
  7 goblins
  7 hobgoblins
  9 jackals
  5 bats
  5 frilled lizards
  20 kobolds
  A leopard gecko skeleton (D:4)
  8 rats
  A bush (D:6)
  A fungus (Lair:6)
  2 plants (Lair:5)
1244 creatures vanquished.

Vanquished Creatures (collateral kills)
  A nagaraja (Snake:4)
  2 ironheart preservers (Vaults:2)
  2 very ugly things (Vaults:2)
  A vampire knight (D:14)
  An ettin (Vaults:3)
  A hydra (Lair:1)
  3 naga warriors
  3 two-headed ogres (Vaults:1)
  A shock serpent (Snake:4)
  2 naga sharpshooters (Snake:4)
  An orc high priest (D:14)
  A deep elf knight (Vaults:3)
  2 sea snakes (Snake:4)
  A harpy (D:14)
  A flayed ghost (D:14)
  An orc knight (Vaults:2)
  2 deep elf magi
  2 elephants (Lair:2)
  A guardian serpent (Snake:4)
  3 naga magi
  A black mamba (Snake:4)
  A rime drake (Lair:6)
  A yaktaur (shapeshifter) (D:14)
  A harpy skeleton (D:15)
  2 slime creatures (Vaults:3)
  The ghost of khargal the Covert, an amateur OpAs (D:3)
  A dancing weapon (Snake:4)
  2 yaks (D:11)
  5 nagas
  2 orc warriors
  A centaur (D:10)
  An ogre (D:10)
  4 killer bees
  2 orc wizards
  3 orc priests
  An adder zombie (D:6)
  9 orcs
  A bat (D:3)
  A hobgoblin (D:3)
  A kobold (D:7)
73 creatures vanquished.

Vanquished Creatures (others)
  A vault warden (Vaults:2)
  An ironheart preserver (Vaults:1)
  Nessos (D:15)
  A vault guard (Vaults:2)
  Erica (D:9)
  2 naga sharpshooters
  An unseen horror (D:14)
  2 deep trolls (Vaults:3)
  3 deep elf archers
  A deep elf mage (Vaults:1)
  5 yaktaurs
  An efreet (D:14)
  A red devil (Lair:6)
  A naga (Snake:4)
  A water moccasin (Lair:5)
  A phantom (D:9)
  14 dancing weapons
  A boggart (Vaults:2)
  A centaur (D:15)
  2 orc wizards (Orc:2)
  An ufetubus (IceCv)
  2 orcs
  8 fungi
  10 plants
63 creatures vanquished.

Grand Total: 1380 creatures vanquished

Notes
Turn   | Place    | Note
-------+----------+-------------------------------------------
     0 | D:1      | Jannitor the Deep Elf Chaos Knight began the quest for the Orb.
     0 | D:1      | Reached XP level 1. HP: 13/13 MP: 3/3
   417 | D:1      | Reached XP level 2. HP: 18/18 MP: 4/4
   632 | D:2      | Reached skill level 3 in Dodging
   763 | D:2      | XOM: harmless Conj miscast
  1070 | D:2      | XOM: divination: detect items
  1088 | D:2      | XOM: noise
  1125 | D:2      | XOM: divination: detect creatures
  1203 | D:2      | XOM: butterfly on damage
  1380 | D:2      | Reached XP level 3. HP: 18/22 MP: 5/5
  1412 | D:2      | XOM: medium Tloc miscast
  2043 | D:3      | XOM: scenery: 1 doors open
  2057 | D:3      | XOM: smoke on damage
  2065 | D:2      | XOM: confuse monster(s)
  2162 | D:3      | XOM is BORED!
  2162 | D:3      | XOM: mild Ice miscast
  2174 | D:3      | Noticed khargal's ghost (amateur OpAs)
  2198 | D:3      | XOM: potion effect (curing)
  2205 | D:3      | XOM: enchant monster (good)
  2258 | D:3      | XOM: summons friendly ufetubus
  2271 | D:3      | Killed khargal's ghost
  2271 | D:3      | Reached skill level 4 in Dodging
  2271 | D:3      | Reached XP level 4. HP: 17/28 MP: 6/6
  2271 | D:3      | Reached XP level 5. HP: 19/32 MP: 7/7
  2341 | D:3      | XOM: mild Pois miscast
  2507 | D:3      | XOM: noise
  2606 | D:3      | XOM: mild Conj miscast
  2651 | D:3      | Reached XP level 6. HP: 23/38 MP: 8/8
  3182 | D:3      | XOM: mild Ice miscast
  3310 | D:3      | Found a runed door.
  3466 | D:4      | XOM: silly message
  3672 | D:4      | Reached skill level 5 in Dodging
  3699 | D:4      | Gained mutation: You are clumsy. (Dex -2) [potion of mutation]
  3699 | D:4      | Gained mutation: You are partially covered in large bone plates. (SH +4) [potion of mutation]
  3699 | D:4      | Gained mutation: You have a pair of small horns on your head. [potion of mutation]
  4020 | D:4      | Reached skill level 5 in Short Blades
  4120 | D:4      | Noticed DildoBatman's ghost (weakling FoEn)
  4121 | D:4      | XOM: cast spell 'Shadow Creatures'
  4134 | D:4      | Killed DildoBatman's ghost
  4134 | D:4      | Reached XP level 7. HP: 38/43 MP: 7/9
  4232 | D:4      | Noticed Natasha
  4238 | D:4      | Killed Natasha
  4449 | D:4      | Noticed Natasha
  4462 | D:4      | Killed Natasha
  4546 | D:5      | Entered Level 5 of the Dungeon
  4702 | D:5      | Reached skill level 6 in Dodging
  5746 | D:6      | XOM: summons friendly quasit
  5861 | D:6      | Found Derrae's Jewellery Boutique.
  5879 | D:6      | Reached skill level 5 in Fighting
  5879 | D:6      | Reached XP level 8. HP: 46/49 MP: 10/10
  5893 | D:6      | Found Pimmudaeb's Book Emporium.
  5942 | D:6      | Found a staircase to the Ecumenical Temple.
  5951 | D:6      | Found an opulent altar of Gozag.
  5956 | D:6      | Found Reblucy's Distillery.
  5962 | D:6      | Bought a potion of berserk rage for 65 gold pieces
  5962 | D:6      | Bought a potion of agility for 52 gold pieces
  5992 | D:6      | Found Qeujicu's Antique Weapon Emporium.
  5997 | D:6      | XOM: swap monsters
  6003 | D:6      | Reached skill level 7 in Dodging
  6063 | D:6      | Found Foavy's Book Emporium.
  6216 | D:6      | Found a blossoming altar of Fedhas.
  6320 | D:6      | XOM: divination: magic mapping
  6324 | D:6      | XOM: cast spell 'Summon Small Mammal'
  6327 | D:6      | XOM: summons friendly quasit
  6346 | D:6      | XOM: confuse monster(s)
  6587 | D:7      | XOM: noise
  6653 | D:7      | XOM: cast spell 'Discord'
  6673 | D:7      | Reached skill level 8 in Dodging
  6849 | D:7      | XOM: divination: detect items
  6860 | D:7      | XOM: enchant monster (good)
  6937 | D:7      | XOM: 3-stop teleportation journey
  6951 | D:7      | XOM: summons friendly white imp
  6953 | D:7      | XOM: blink monster(s)
  7024 | D:7      | XOM: harmless Hex miscast
  7071 | D:7      | Learned a level 2 spell: Ensorcelled Hibernation
  7075 | D:7      | XOM: chaos upgrade
  7103 | D:7      | Reached XP level 9. HP: 47/55 MP: 11/11
  7179 | D:7      | XOM: 5-stop teleportation journey
  7216 | D:7      | XOM: harmless Ice miscast
  7231 | D:7      | Reached skill level 1 in Ice Magic
  7346 | D:7      | XOM: medium Ice miscast
  7499 | D:7      | XOM: mild Chrm miscast
  7608 | D:7      | XOM: 8-stop teleportation journey
  7716 | D:8      | XOM: harmless Air miscast
  7940 | D:8      | Found Sidoutur's Armour Boutique.
  7954 | D:8      | Found Elestring's Gadget Shop.
  8001 | D:8      | Reached skill level 9 in Dodging
  8093 | D:8      | XOM: god gift: tiny diamond amulet {god gift}
  8224 | D:8      | XOM: 2-stop teleportation journey
  8331 | D:8      | Found Plog's Antique Armour Boutique.
  8337 | D:8      | Bought a fine leather armour for 189 gold pieces
  8348 | D:8      | Identified the cursed +0 leather armour of Royalty {rC+ Regen+} (You bought it in a shop on level 8 of the Dungeon)
  8376 | D:8      | XOM: give mutations
  8376 | D:8      | Gained mutation: You possess an exceptional clarity of mind. [Xom's grace]
  8376 | D:8      | Gained mutation: You are partially covered in rugged brown scales. (AC +1, +3% HP) [Xom's grace]
  8376 | D:8      | Gained mutation: You are robust. (+10% HP) [Xom's grace]
  8506 | D:8      | Found Ujei's Book Boutique.
  8569 | D:8      | XOM: give mutation
  8569 | D:8      | Lost mutation: You are clumsy. (Dex -2) [Xom's grace]
  8601 | D:8      | XOM: summons 4 friendly demons
  8721 | D:8      | Noticed a two-headed ogre
  8742 | D:8      | Killed a two-headed ogre
  9006 | D:8      | XOM: give mutation
  9006 | D:8      | Gained mutation: Your flesh is heat resistant. (rF+) [Xom's grace]
  9155 | D:9      | Noticed Erica
  9165 | D:9      | Killed Erica
  9165 | D:9      | Reached skill level 10 in Dodging
  9165 | D:9      | Reached XP level 10. HP: 66/71 MP: 12/12
  9165 | D:9      | XOM: divine lightning
  9606 | D:9      | XOM: divine lightning
  9644 | D:9      | XOM: harmless Summ miscast
  9685 | D:9      | Noticed a two-headed ogre
  9690 | D:9      | Noticed a wolf spider
  9690 | D:9      | a two-headed ogre changed into a wolf spider
  9690 | D:9      | XOM: polymorph two-headed ogre -> wolf spider
  9712 | D:9      | XOM: harmless Conj miscast
  9778 | D:9      | XOM: scenery: 1 doors open, 2 doors close
  9780 | D:9      | Reached skill level 1 in Long Blades
  9810 | D:9      | Identified a scroll of acquirement
  9821 | D:10     | Entered Level 10 of the Dungeon
  9827 | D:10     | Noticed Erolcha
  9836 | D:9      | Noticed a two-headed ogre
  9840 | D:9      | XOM: fog
  9845 | D:9      | Killed a two-headed ogre
  9917 | D:9      | XOM: divination: detect creatures
 10243 | D:9      | Learned a level 3 spell: Tukima's Dance
 10318 | D:10     | XOM: summons friendly iron imp
 10355 | D:9      | XOM: 1-stop teleportation journey
 10401 | D:10     | XOM: destruction
 10422 | D:9      | Reached skill level 1 in Hexes
 10487 | D:10     | Found a staircase to the Orcish Mines.
 10503 | D:10     | XOM: summons 4 friendly demons
 10510 | D:10     | Reached skill level 11 in Dodging
 10564 | D:9      | XOM: give mutations
 10564 | D:9      | Gained mutation: You have a beak for a mouth. [Xom's grace]
 10564 | D:9      | Gained mutation: You are agile. (Dex +2) [Xom's grace]
 10564 | D:9      | Gained mutation: You are covered in fur. (AC +1) [Xom's grace]
 10719 | D:10     | XOM: cloud trail
 10777 | D:10     | XOM: chaos upgrade
 10909 | D:10     | Noticed Erolcha
 10909 | D:10     | Erolcha changed into Erolcha the black mamba
 10909 | D:10     | XOM: polymorph Erolcha -> Erolcha the black mamba
 10920 | D:10     | Killed Erolcha the black mamba
 10929 | D:10     | XOM: noise
 10944 | D:10     | XOM: summons friendly crimson imp
 10949 | D:10     | XOM: summons 1 friendly demon
 10962 | D:10     | XOM: noise
 11072 | D:10     | XOM: 3-stop teleportation journey
 11101 | D:10     | Found a runed door.
 11101 | D:10     | Found a runed door.
 11101 | D:10     | Noticed a catoblepas
 11125 | D:10     | XOM: enchant monster (good)
 11140 | D:10     | Reached XP level 11. HP: 72/77 MP: 13/13
 11147 | D:10     | Noticed a six-headed hydra
 11152 | D:10     | XOM: enchant monster (good)
 11160 | D:10     | XOM: fog
 11180 | D:10     | Noticed a minotaur
 11180 | D:10     | a three-headed hydra changed into a minotaur
 11180 | D:10     | XOM: polymorph three-headed hydra -> minotaur
 11373 | D:10     | XOM: confuse monster(s)
 11374 | D:10     | XOM: confuse monster(s)
 11376 | D:10     | XOM: potion effect (brilliance)
 11382 | D:10     | XOM: summons friendly crimson imp
 11427 | D:10     | Got a jewelled lajatang {flame}
 11428 | D:10     | Identified the cursed +1 lajatang of Truth {flame, *Corrode rN+ MR+++} (You took it off a centaur on level 10 of the Dungeon)
 11540 | Orc:1    | Entered Level 1 of the Orcish Mines
 11631 | Orc:1    | Noticed an orc sorcerer
 11774 | D:8      | Bought a +2 buckler of reflection for 259 gold pieces
 11904 | D:10     | Reached skill level 1 in Spellcasting
 11904 | D:10     | Reached skill level 5 in Hexes
 12030 | D:10     | XOM: blink monster(s)
 12032 | D:10     | XOM: summons 3 friendly demons
 12039 | D:10     | XOM: mild Conj miscast
 12046 | D:10     | Killed a minotaur
 12046 | D:10     | Reached skill level 1 in Shields
 12046 | D:10     | Reached skill level 1 in Evocations
 12160 | D:11     | XOM: enchant monster (bad)
 12185 | D:11     | Noticed a tengu warrior
 12267 | D:11     | XOM: summons 5 hostile demons
 12373 | D:11     | XOM: harmless Tmut miscast
 12377 | D:11     | XOM: silly message
 12407 | D:11     | XOM: enchant monster (bad)
 12462 | D:11     | XOM: silly message
 12463 | D:11     | Noticed a death yak
 12509 | D:11     | Found a staircase to the Lair.
 12544 | D:11     | Noticed a white ugly thing
 12556 | Lair:1   | Entered Level 1 of the Lair of Beasts
 12634 | Lair:1   | XOM: 6-stop teleportation journey
 12658 | Lair:1   | XOM: god gift: wand of iceblast (11)
 12711 | Lair:1   | Reached skill level 5 in Long Blades
 12884 | Lair:1   | XOM: scenery: create altars
 13173 | Lair:1   | Noticed a six-headed hydra
 13175 | Lair:1   | XOM: summons 5 friendly demons
 13179 | Lair:1   | Killed a three-headed hydra
 13531 | Lair:2   | XOM: 7-stop teleportation journey
 13600 | Lair:2   | XOM: smoke on damage
 13617 | Lair:2   | Reached skill level 5 in Evocations
 13669 | Lair:2   | XOM: scenery: 1 doors open
 13677 | Lair:2   | XOM: scenery: 2 doors open
 13684 | Lair:2   | Reached skill level 1 in Armour
 13751 | Lair:2   | XOM: confuse monster(s)
 13775 | Lair:2   | Reached XP level 12. HP: 79/85 MP: 18/18
 13980 | Lair:2   | Found a staircase to the Snake Pit.
 14064 | Lair:2   | XOM: silly message
 14147 | Lair:2   | XOM: scenery: 1 doors close
 14156 | Lair:2   | XOM: polymorph elephant -> floating eye
 14166 | Lair:2   | XOM: confuse monster(s)
 14180 | Lair:2   | XOM: cleaving
 14342 | Lair:2   | XOM: summons friendly shadow imp
 14476 | Lair:2   | XOM: confuse monster(s)
 14485 | Lair:2   | XOM: cleaving
 14539 | Lair:2   | XOM: summons 11 friendly demons
 14565 | Lair:2   | XOM: divine lightning
 14602 | Lair:2   | XOM: give mutations
 14602 | Lair:2   | Gained mutation: Your skin changes colour to match your surroundings (Stealth+). [Xom's grace]
 14602 | Lair:2   | Gained mutation: Your muscles are strong. (Str +2) [Xom's grace]
 14775 | Lair:2   | XOM: give mutations
 14775 | Lair:2   | Gained mutation: Your movements are slightly less encumbered by armour. (ER -2) [Xom's grace]
 14775 | Lair:2   | Gained mutation: You are resistant to hostile enchantments. (MR+) [Xom's grace]
 14775 | Lair:2   | Gained mutation: You have a pair of horns on your head. [Xom's grace]
 14916 | D:11     | Noticed a death yak
 14919 | D:11     | Noticed a death yak
 14920 | D:11     | XOM: cleaving
 14922 | D:11     | Noticed a spark wasp
 14922 | D:11     | a white ugly thing changed into a spark wasp
 14922 | D:11     | XOM: polymorph white ugly thing -> spark wasp
 14937 | D:11     | XOM: summons 6 friendly demons
 14955 | D:11     | XOM: god gift: runed centaur barding {god gift}
 15197 | D:8      | Bought an ancient hat for 243 gold pieces
 15202 | D:8      | Identified the +4 hat of the Eternal Fruit {rElec rF+ Str-3 Dex+4} (You bought it in a shop on level 8 of the Dungeon)
 15202 | D:8      | Bought a pair of runed boots for 202 gold pieces
 15327 | D:11     | Noticed Maurice
 15460 | D:10     | XOM: silly message
 15461 | D:10     | Killed Maurice
 15562 | D:11     | Killed a tengu warrior
 15641 | D:11     | XOM: potion effect (haste)
 15721 | D:11     | XOM: smoke on damage
 15751 | D:11     | XOM: cast spell 'Cause Fear'
 15755 | D:11     | Killed a death yak
 15762 | D:11     | Killed a death yak
 15764 | D:11     | XOM: cast spell 'Summon Ice Beast'
 15767 | D:11     | Killed a death yak
 15853 | D:11     | XOM: divination: magic mapping
 15862 | D:11     | Killed a spark wasp
 15913 | D:11     | Reached XP level 13. HP: 79/92 MP: 21/21
 16061 | Lair:3   | XOM: torment (58/92 hp)
 16139 | Lair:2   | XOM: draining
 16263 | Lair:3   | XOM: blink monster(s)
 16389 | Lair:3   | XOM: god gift: scroll of teleportation
 16424 | Lair:3   | XOM: mild Conj miscast
 16426 | Lair:3   | XOM: mild Pois miscast
 16431 | Lair:3   | Reached skill level 10 in Fighting
 17062 | Lair:4   | XOM: severe Ice miscast
 17079 | Lair:4   | Reached skill level 10 in Evocations
 17133 | Lair:4   | XOM is BORED!
 17141 | Lair:3   | XOM: mild Fire miscast
 17352 | Lair:4   | XOM: polymorph yak -> tarantella
 17358 | Lair:4   | XOM: potion effect (brilliance)
 17378 | Lair:4   | Reached skill level 12 in Dodging
 17576 | Lair:4   | Found a staircase to the Shoals.
 17657 | Lair:4   | Identified the -6 hat of the Solstice {rC+ Str+5} (You acquired it on level 4 of the Lair of Beasts)
 17893 | Lair:5   | XOM: give mutation
 17893 | Lair:5   | Lost mutation: You are resistant to hostile enchantments. (MR+) [Xom's mischief]
 17944 | Lair:5   | Found a staircase to the Slime Pits.
 18167 | Lair:5   | XOM: noise
 18189 | Lair:5   | XOM: polymorph polar bear -> wind drake
 18460 | Lair:5   | XOM: summons 4 hostile shadow creatures
 18701 | Lair:6   | Entered Level 6 of the Lair of Beasts
 18781 | Lair:6   | XOM: fog
 18791 | Lair:6   | XOM: enchant monster (good)
 18800 | Lair:6   | XOM: confuse monster(s)
 18823 | Lair:6   | XOM: smoke on damage
 19015 | Lair:6   | XOM: divination: detect items
 19056 | Lair:6   | XOM: summons friendly quasit
 19196 | Lair:6   | XOM: divination: detect creatures
 19197 | Lair:6   | XOM: fog
 19273 | Lair:6   | XOM: 4-stop teleportation journey
 19288 | Lair:6   | XOM: scenery: create altars
 19298 | Lair:6   | Reached skill level 13 in Dodging
 19323 | Lair:6   | XOM: noise
 19325 | Lair:6   | Reached XP level 14. HP: 86/99 MP: 25/25
 19330 | Lair:6   | Noticed Josephine
 19337 | Lair:6   | Killed Josephine
 19911 | Orc:1    | XOM: harmless Hex miscast
 20316 | Orc:2    | Entered Level 2 of the Orcish Mines
 20322 | Orc:2    | Noticed Azrael
 20322 | Orc:2    | XOM: fog
 20424 | Orc:2    | XOM: chaos upgrade
 20428 | Orc:2    | Killed Azrael
 20496 | Orc:2    | XOM: mild Ice miscast
 20500 | Orc:2    | Found a staircase to the Elven Halls.
 20506 | Orc:2    | Found a flickering gateway to a bazaar.
 20516 | Bazaar   | Entered a bazaar
 20518 | Bazaar   | Found Noutogusa's Distillery.
 20521 | Bazaar   | Found Ifaachor's Assorted Antiques.
 20522 | Bazaar   | Found Oneocap's Assorted Antiques.
 20524 | Bazaar   | Found Yqiynwai's Armour Boutique.
 20554 | Bazaar   | Bought a glowing scarf for 160 gold pieces
 20694 | Bazaar   | Bought the +1 ring mail of the Orb Guardian {rPois rF+} for 272 gold pieces
 20711 | Bazaar   | Bought a scroll labeled IROESU GAZXICA for 20 gold pieces
 20716 | Bazaar   | Bought a long fluorescent wand for 80 gold pieces
 21118 | Orc:2    | Noticed RUZZLEFAZAZZLE's ghost (journeyman HOFi)
 21118 | Orc:2    | XOM: enchant monster (good)
 21124 | Orc:2    | XOM: mild Air miscast
 21134 | Orc:2    | XOM: blink monster(s)
 21138 | Orc:2    | XOM: noise
 21155 | Orc:2    | Killed RUZZLEFAZAZZLE's ghost
 21460 | Orc:2    | XOM: medium Necr miscast
 21608 | Orc:2    | Found Jocsaqits's Antique Weapon Emporium.
 21608 | Orc:2    | Found Veoskoe's General Store.
 21612 | Orc:2    | Found Qipy's Antique Weapon Emporium.
 21612 | Orc:2    | Found Ducvaor's Book Shoppe.
 21659 | Orc:2    | Found a roughly hewn altar of Beogh.
 21672 | Orc:2    | XOM: silly message
 21697 | Orc:2    | XOM: harmless Tmut miscast
 21801 | Orc:2    | XOM: silly message
 22091 | Orc:2    | XOM: harmless Fire miscast
 22120 | Orc:1    | XOM: cloud trail
 22285 | D:12     | XOM: harmless Chrm miscast
 22395 | D:12     | XOM: potion effect (might)
 23001 | D:12     | XOM: mild Tloc miscast
 23601 | D:6      | Bought the amulet of the Air {Inacc +Fly rElec EV+5 RMsl} for 618 gold pieces
 23601 | D:6      | Found the amulet of the Air {Inacc +Fly rElec EV+5 RMsl}
 23817 | Snake:1  | Entered Level 1 of the Snake Pit
 23835 | Snake:1  | XOM: noise
 23843 | Snake:1  | XOM: harmless Chrm miscast
 23862 | Snake:1  | Learned a level 3 spell: Confuse
 23970 | Snake:1  | Reached skill level 5 in Armour
 23985 | Snake:1  | XOM: swap monsters
 24160 | Snake:1  | Found a frozen archway.
 24175 | IceCv    | Entered an ice cave
 24349 | IceCv    | XOM: potion effect (brilliance)
 24354 | IceCv    | XOM: harmless Conj miscast
 24510 | IceCv    | Got a brightly glowing ivory ring
 24511 | IceCv    | Identified the ring of Siuc {-Tele rC+ MP+9 Stlth+} (You found it in an ice cave)
 24812 | IceCv    | XOM: mild Hex miscast
 25003 | IceCv    | Reached skill level 14 in Dodging
 25067 | IceCv    | XOM: noise
 25216 | IceCv    | XOM: blink monster(s)
 25663 | IceCv    | XOM: divination: magic mapping
 25672 | IceCv    | XOM: god gift: 20 stones
 25702 | IceCv    | Noticed an Ice Fiend
 25929 | IceCv    | XOM: give mutation
 25929 | IceCv    | Lost mutation: Your skin changes colour to match your surroundings (Stealth+). [Xom's mischief]
 26116 | IceCv    | Reached skill level 10 in Long Blades
 26344 | IceCv    | Killed an Ice Fiend
 26404 | IceCv    | XOM: chaos cloud
 26496 | IceCv    | Identified the +0 pair of boots of the Thistle {rElec rN++ MR- Str+2} (You found it in an ice cave)
 26498 | IceCv    | Got a crude lapis lazuli ring
 26499 | IceCv    | Identified the ring "Jynauf" {Ice rElec rN++ Int-2} (You found it in an ice cave)
 26607 | IceCv    | XOM: give mutations
 26607 | IceCv    | Lost mutation: You are agile. (Dex +2) [Xom's mischief]
 26607 | IceCv    | Lost mutation: Your muscles are strong. (Str +2) [Xom's mischief]
 26607 | IceCv    | Gained mutation: Scrolls take you a little longer to read. [Xom's mischief]
 26607 | IceCv    | Lost mutation: You have a pair of horns on your head. [Xom's mischief]
 26766 | Snake:1  | Reached XP level 15. HP: 85/107 MP: 19/27
 26834 | Snake:1  | XOM: 1-stop teleportation journey
 26845 | Snake:1  | Found Begebruf's Armour Shoppe.
 26898 | Snake:1  | Found a snail-covered altar of Cheibriados.
 27020 | Snake:1  | XOM: smoke on damage
 27229 | D:11     | XOM: stat loss: -1 Str (10/11)
 27280 | D:13     | XOM: summons friendly iron imp
 27798 | D:13     | XOM: cast spell 'Chain of Chaos'
 28047 | D:13     | XOM: god gift: 6 rations
 28215 | D:13     | XOM: cleaving
 28478 | D:13     | XOM: give mutations
 28478 | D:13     | Gained mutation: You passively map a small area around you. [Xom's grace]
 28478 | D:13     | Gained mutation: You have sharp toenails. [Xom's grace]
 28478 | D:13     | Gained mutation: You evolve. [Xom's grace]
 28603 | D:13     | XOM: give mutations
 28603 | D:13     | Lost mutation: You have a pair of small horns on your head. [Xom's mischief]
 28603 | D:13     | Lost mutation: Scrolls take you a little longer to read. [Xom's mischief]
 28798 | D:13     | XOM: scenery: 2 doors close
 28810 | D:14     | Found an opulent altar of Gozag.
 28837 | D:13     | XOM: smoke on damage
 28839 | D:13     | XOM: god gift: crooked runed staff {god gift}
 28849 | D:13     | Gained mutation: You have a pair of small antennae on your head. [evolution]
 28894 | D:14     | XOM: polymorph shadow imp -> iron imp
 29084 | D:14     | Found a gate to the Vaults.
 29109 | D:14     | XOM: fog
 29240 | D:14     | Learned a level 6 spell: Invisibility
 29242 | D:14     | Learned a level 1 spell: Apportation
 29630 | D:14     | Reached skill level 15 in Dodging
 29822 | D:14     | XOM: divination: detect creatures
 29861 | D:14     | Noticed a frost giant
 29864 | D:14     | XOM: divine lightning
 29866 | D:14     | XOM: enchant monster (good)
 29894 | D:14     | Killed a frost giant
 29914 | D:14     | XOM: cast spell 'Olgreb's Toxic Radiance'
 30096 | D:15     | Entered Level 15 of the Dungeon
 30218 | D:15     | Identified the +1 ring mail of the Eternal Void {MR- Int+9} (You found it on level 15 of the Dungeon)
 30237 | D:15     | Noticed Nessos
 30238 | D:15     | XOM: fog
 30239 | D:15     | XOM: cast spell 'Disjunction'
 30244 | D:15     | XOM: cast spell 'Discord'
 30255 | D:15     | Killed Nessos
 30494 | D:15     | XOM: fake destruction
 30495 | D:15     | XOM: destruction
 30496 | D:15     | XOM: scenery: create altars
 30500 | D:15     | XOM: cleaving
 30965 | D:15     | Found a staircase to the Depths.
 30974 | D:15     | Reached skill level 10 in Hexes
 30999 | D:15     | XOM: potion effect (curing)
 31005 | D:15     | XOM: enchant monster (good)
 31010 | D:15     | Reached XP level 16. HP: 72/114 MP: 19/29
 31397 | D:15     | XOM: 1-stop teleportation journey
 31530 | D:15     | XOM: give mutations
 31530 | D:15     | Gained mutation: Your muscles are strong. (Str +2) [Xom's grace]
 31530 | D:15     | Gained mutation: Your muscles are very strong. (Str +4) [Xom's grace]
 31762 | Snake:1  | XOM: scenery: create altars
 31903 | Snake:1  | XOM: 7-stop teleportation journey
 32300 | Snake:1  | XOM: harmless Ice miscast
 32322 | Snake:2  | XOM: cast spell 'Call Canine Familiar'
 32324 | Snake:2  | XOM: enchant monster (bad)
 32395 | Snake:1  | XOM: silly message
 32436 | Snake:1  | XOM: scenery: create altars
 32549 | Snake:2  | XOM: divination: detect creatures
 32559 | Snake:2  | XOM: divination: detect items
 32639 | Snake:2  | Learned a level 5 spell: Metabolic Englaciation
 32645 | Snake:2  | XOM: 1-stop teleportation journey
 32675 | Snake:2  | XOM: medium Hex miscast
 32714 | Snake:2  | Reached skill level 5 in Spellcasting
 32797 | Snake:2  | XOM: polymorph anaconda -> spark wasp
 32824 | Snake:2  | XOM: summons 1 hostile shadow creature
 32920 | Snake:2  | XOM: mild Chrm miscast
 33087 | Snake:2  | XOM: summons 8 hostile demons
 33108 | Snake:2  | XOM: 3-stop teleportation journey
 33478 | Snake:2  | XOM: mild Tloc miscast
 33641 | Snake:2  | XOM: divination: detect creatures
 33763 | Snake:2  | XOM: 2-stop teleportation journey
 34185 | Snake:3  | XOM: noise
 34209 | Snake:3  | XOM: divination: detect creatures
 34270 | Snake:3  | XOM: enchant monster (good)
 34770 | Snake:2  | XOM: god gift: runed hunting sling {god gift}
 35163 | Snake:3  | Found Nuopne Joeda's Jewellery Shoppe.
 35163 | Snake:3  | Found Gazxics's Gadget Shop.
 35178 | Snake:3  | Found Fuibluitz's Jewellery Shoppe.
 35187 | Snake:3  | XOM: fog
 35235 | Snake:3  | XOM: give mutation
 35235 | Snake:3  | Lost mutation: You evolve. [Xom's grace]
 35235 | Snake:3  | Gained mutation: You are somewhat resistant to further mutation. [Xom's grace]
 35338 | Snake:3  | XOM: summons 3 friendly demons
 35341 | Snake:3  | XOM: polymorph crimson imp -> quasit
 35344 | Snake:3  | XOM: noise
 35486 | Snake:3  | XOM: summons friendly white imp
 35488 | Snake:3  | XOM: potion effect (agility)
 35543 | Snake:3  | XOM: medium Air miscast
 35756 | Snake:3  | XOM: confuse monster(s)
 35927 | Snake:3  | XOM: 1-stop teleportation journey
 36159 | Snake:3  | XOM: harmless Summ miscast
 36197 | Snake:3  | Identified the +2 chain mail of Tott {rPois Stlth+} (You found it on level 3 of the Snake Pit)
 36357 | Snake:3  | XOM: harmless Pois miscast
 36371 | Snake:3  | XOM: harmless Necr miscast
 36380 | Snake:3  | XOM: smoke on damage
 36416 | Snake:3  | XOM: polymorph naga warrior -> anaconda
 36607 | Snake:2  | XOM: mild Tmut miscast
 36705 | Snake:2  | XOM: mild Tmut miscast
 36776 | Snake:3  | XOM: give mutations
 36776 | Snake:3  | Lost mutation: You are robust. (+10% HP) [Xom's mischief]
 36776 | Snake:3  | Lost mutation: You are somewhat resistant to further mutation. [Xom's mischief]
 36776 | Snake:3  | Lost mutation: Your movements are slightly less encumbered by armour. (ER -2) [Xom's mischief]
 36785 | Snake:3  | Reached skill level 5 in Ice Magic
 37109 | Snake:3  | XOM: harmless Fire miscast
 37251 | Snake:4  | Entered Level 4 of the Snake Pit
 37355 | Snake:4  | XOM: polymorph anaconda -> ettin
 37676 | Snake:4  | XOM: polymorph guardian serpent -> mana viper
 37714 | Snake:4  | XOM: harmless Ice miscast
 37719 | Snake:3  | XOM: snakes to sticks
 37789 | Snake:3  | XOM: harmless Hex miscast
 37953 | Snake:4  | XOM: summons friendly shadow imp
 37954 | Snake:4  | XOM: fake destruction
 37969 | Snake:4  | XOM: swap monsters
 37985 | Snake:4  | Reached skill level 16 in Dodging
 37985 | Snake:4  | Reached XP level 17. HP: 53/111 MP: 6/30
 38124 | Snake:3  | XOM: polymorph naga mage -> black bear
 38220 | Snake:4  | XOM: snakes to sticks
 38223 | Snake:4  | XOM: fake destruction
 38287 | Snake:4  | XOM: cast spell 'Summon Hydra'
 38319 | Snake:4  | XOM: divination: magic mapping
 38326 | Snake:4  | XOM: cast spell 'Summon Dragon'
 38784 | Snake:4  | XOM: blink monster(s)
 38850 | Snake:3  | XOM: god gift: glowing robe {god gift}
 38902 | Snake:3  | XOM: god gift: 16 gold pieces
 38917 | Snake:4  | XOM: confuse monster(s)
 38919 | Snake:4  | XOM: cast spell 'Shadow Creatures'
 38982 | Snake:4  | XOM: fake destruction
 39214 | Snake:3  | XOM: god gift: ring of intelligence {god gift}
 39244 | Snake:3  | XOM: cast spell 'Necromutation'
 39398 | Snake:3  | XOM: confuse monster(s)
 39434 | Snake:3  | XOM: polymorph naga warrior -> swamp worm
 39576 | Snake:3  | XOM: noise
 39643 | Snake:4  | XOM: polymorph naga -> ogre
 39661 | Snake:4  | XOM: cleaving
 39784 | Snake:3  | XOM: divination: detect items
 40011 | Snake:4  | XOM: enchant monster (good)
 40063 | Snake:4  | XOM: summons friendly white imp
 40207 | Snake:4  | XOM: mild Conj miscast
 40210 | Snake:4  | XOM: 2-stop teleportation journey
 40249 | Snake:4  | Found a radiant altar of Vehumet.
 40479 | Snake:4  | XOM: 1-stop teleportation journey
 40544 | Snake:4  | XOM: give mutation
 40544 | Snake:4  | Gained mutation: You are agile. (Dex +2) [Xom's grace]
 40749 | Snake:4  | XOM: summons 12 friendly demons
 40752 | Snake:4  | XOM: cleaving
 40917 | Snake:4  | XOM: cast spell 'Metabolic Englaciation'
 40962 | Snake:4  | XOM: cast spell 'Call Canine Familiar'
 40981 | Snake:4  | XOM: divination: magic mapping
 41064 | Snake:4  | XOM: harmless Conj miscast
 41203 | Snake:4  | Got a serpentine rune of Zot
 41230 | Snake:4  | XOM: noise
 41590 | Snake:1  | XOM: give mutations
 41590 | Snake:1  | Gained mutation: You are frail. (-10% HP) [Xom's mischief]
 41590 | Snake:1  | Lost mutation: You have a pair of small antennae on your head. [Xom's mischief]
 41740 | Vaults:1 | XOM: noise
 41740 | Vaults:1 | Entered Level 1 of the Vaults
 41755 | Vaults:1 | XOM: summons friendly crimson imp
 42102 | Vaults:1 | XOM: summons 5 friendly demons
 42370 | Vaults:1 | XOM: cast spell 'Shadow Creatures'
 42478 | Vaults:1 | XOM: silly message
 42483 | Vaults:1 | XOM: potion effect (invisibility)
 42528 | Vaults:1 | XOM: enchant monster (bad)
 42569 | Vaults:1 | Reached XP level 18. HP: 88/106 MP: 23/33
 42571 | Vaults:1 | XOM: harmless Summ miscast
 42715 | Vaults:1 | XOM: silly message
 42733 | Vaults:1 | XOM: fake destruction
 42734 | Vaults:1 | XOM: noise
 42756 | Vaults:1 | XOM: summons 13 friendly demons
 42880 | D:12     | XOM: harmless Air miscast
 43021 | D:8      | Bought a pair of runed boots for 202 gold pieces
 43115 | D:9      | XOM: give mutations
 43115 | D:9      | Gained mutation: Your flesh is very heat resistant. (rF++) [Xom's grace]
 43115 | D:9      | Gained mutation: You have a pair of small horns on your head. [Xom's grace]
 43275 | Vaults:1 | XOM: cleaving
 43553 | Vaults:1 | XOM: cleaving
 43560 | Vaults:1 | XOM: divine lightning
 43568 | Vaults:1 | Reached skill level 10 in Spellcasting
 43628 | Vaults:1 | XOM: god gift: glowing rapier {god gift}
 43684 | Vaults:1 | XOM: cast spell 'Alistair's Intoxication'
 43728 | Vaults:1 | XOM: cloud trail
 44106 | Vaults:1 | Learned a level 5 spell: Silence
 44155 | Vaults:1 | Learned a level 6 spell: Bolt of Cold
 44161 | Vaults:1 | Learned a level 5 spell: Yara's Violent Unravelling
 44377 | Vaults:2 | XOM: divination: detect creatures
 44378 | Vaults:2 | XOM: cleaving
 44401 | Vaults:2 | XOM: confuse monster(s)
 44423 | Vaults:2 | XOM: chaos cloud
 44453 | Vaults:2 | Reached skill level 1 in Conjurations
 44453 | Vaults:2 | Reached skill level 1 in Air Magic
 44461 | Vaults:2 | XOM: blink monster(s)
 44942 | D:6      | Bought 2 potions of haste for 260 gold pieces
 44942 | D:6      | Bought a potion of agility for 52 gold pieces
 44942 | D:6      | Bought a potion of curing for 39 gold pieces
 44942 | D:6      | Bought 2 potions of heal wounds for 130 gold pieces
 45102 | D:12     | XOM: give mutations
 45102 | D:12     | Lost mutation: You are agile. (Dex +2) [Xom's mischief]
 45102 | D:12     | Lost mutation: You have a pair of small horns on your head. [Xom's mischief]
 45102 | D:12     | Lost mutation: You possess an exceptional clarity of mind. [Xom's mischief]
 45102 | D:12     | Gained mutation: Scrolls take you a little longer to read. [Xom's mischief]
 45188 | Vaults:2 | XOM: confuse monster(s)
 45240 | Vaults:2 | Reached skill level 17 in Dodging
 45322 | Vaults:2 | XOM: swap monsters
 45376 | Vaults:2 | XOM: summons friendly quasit
 45398 | Vaults:2 | XOM: cleaving
 45425 | Vaults:2 | XOM: potion effect (brilliance)
 45528 | Vaults:2 | XOM: summons 5 friendly demons
 45532 | Vaults:2 | XOM: polymorph quasit -> crimson imp
 45538 | Vaults:2 | XOM: confusion (+ monsters)
 45540 | Vaults:2 | XOM: mild Air miscast
 45551 | Vaults:2 | XOM: swap monsters
 45578 | Vaults:2 | XOM: enchant monster (bad)
 45664 | Vaults:2 | XOM: harmless Air miscast
 45694 | Vaults:2 | XOM: 4-stop teleportation journey
 46035 | Vaults:2 | XOM: silly message
 46054 | Vaults:2 | XOM: polymorph green ugly thing -> slime creature
 46068 | Vaults:2 | XOM: divination: detect creatures
 46407 | Vaults:2 | XOM: enchant monster (bad)
 46502 | Vaults:2 | XOM: swap monsters
 46525 | Vaults:2 | XOM: divination: magic mapping
 46546 | Vaults:2 | XOM: noise
 46549 | Vaults:2 | XOM: chaos upgrade
 46624 | Vaults:2 | XOM: harmless Fire miscast
 46698 | Vaults:2 | XOM: mild Necr miscast
 46787 | Vaults:2 | Reached XP level 19. HP: 94/110 MP: 27/36
 46859 | Vaults:2 | Found a portal to a secret trove of treasure.
 47078 | Vaults:2 | Found Qontat's Assorted Antiques.
 47090 | Vaults:2 | Bought a potion of might for 148 gold pieces
 47090 | Vaults:2 | Bought a potion of heal wounds for 185 gold pieces
 47165 | Vaults:2 | XOM: divination: magic mapping
 47357 | Vaults:2 | XOM: give mutation
 47357 | Vaults:2 | Gained mutation: You possess an exceptional clarity of mind. [Xom's grace]
 47365 | Vaults:2 | XOM: god gift: 33 gold pieces
 47380 | Vaults:3 | Found Teahucw's General Store.
 47387 | Vaults:3 | Bought a scroll of teleportation for 57 gold pieces
 47387 | Vaults:3 | Bought a scroll of enchant weapon for 142 gold pieces
 47405 | Vaults:3 | XOM: enchant monster (good)
 47625 | Vaults:3 | XOM: confuse monster(s)
 47637 | Vaults:3 | XOM: divination: detect creatures
 47719 | Vaults:3 | XOM: summons 3 friendly demons
 47727 | Vaults:3 | XOM: confuse monster(s)
 47729 | Vaults:3 | XOM: confuse monster(s)
 47745 | Vaults:3 | XOM: confuse monster(s)
 47746 | Vaults:3 | XOM: confuse monster(s)
 47747 | Vaults:3 | XOM: noise
 47751 | Vaults:3 | XOM: enchant monster (good)
 47765 | Vaults:3 | XOM: divination: magic mapping
 47997 | Vaults:3 | XOM: harmless Summ miscast
 48011 | Vaults:3 | XOM: mild Ice miscast
 48228 | Vaults:3 | XOM: scenery: 3 doors close
 48249 | Vaults:3 | XOM: divination: detect items
 48447 | Vaults:3 | XOM: confuse monster(s)
 48635 | Vaults:3 | XOM: confuse monster(s)
 48678 | Vaults:3 | Reached skill level 5 in Conjurations
 48870 | Vaults:3 | XOM: god gift: box of beasts
 48957 | Vaults:3 | XOM: polymorph cyan ugly thing -> minotaur
 48976 | Vaults:3 | XOM: confuse monster(s)
 48978 | Vaults:3 | XOM: polymorph ironheart preserver -> catoblepas
 48983 | Vaults:3 | XOM: divine lightning
 49247 | Vaults:3 | Found a staircase to the Crypt.
 49495 | Vaults:3 | XOM: destruction
 49501 | Vaults:3 | XOM: stat loss: -1 Int (18/19)
 49972 | Lair:5   | XOM: mild Ice miscast
 50093 | Lair:6   | Found a burning altar of Makhleb.
 50141 | Lair:6   | XOM: medium Conj miscast
 50408 | Lair:6   | Found a gateway to Hell.
 50710 | Elf:1    | Entered Level 1 of the Elven Halls
 50724 | Elf:1    | XOM: stat loss: -1 Str (15/16)
 50728 | Elf:1    | XOM: give mutations
 50728 | Elf:1    | Lost mutation: You passively map a small area around you. [Xom's mischief]
 50728 | Elf:1    | Lost mutation: You are partially covered in rugged brown scales. (AC +1, +3% HP) [Xom's mischief]
 50728 | Elf:1    | Lost mutation: Your flesh is very heat resistant. (rF++) [Xom's mischief]
 50784 | Elf:1    | Found Ikunko's Food Shoppe.
 50796 | Elf:1    | Gained mutation: Armour fits poorly on your strangely shaped body. [a neqoxec]
 50797 | Elf:1    | XOM: summons 10 friendly demons
 50802 | Elf:1    | Gained mutation: Your spells are a little easier to cast, but a little less powerful. [a neqoxec]
 50808 | Elf:1    | Lost mutation: Your flesh is heat resistant. (rF+) [potion of mutation]
 50808 | Elf:1    | Lost mutation: Your muscles are very strong. (Str +4) [potion of mutation]
 50808 | Elf:1    | Lost mutation: Your spells are a little easier to cast, but a little less powerful. [potion of mutation]
 50808 | Elf:1    | Lost mutation: Armour fits poorly on your strangely shaped body. [potion of mutation]
 50808 | Elf:1    | Gained mutation: You are partially covered in iridescent scales. (AC +2) [potion of mutation]
 50947 | Elf:1    | XOM: summons 1 hostile shadow creature
 51187 | Elf:1    | XOM: stat loss: -1 Int (15/19)
 51277 | Elf:1    | XOM: chaos upgrade
 51292 | Elf:1    | XOM: harmless Ice miscast
 51402 | Elf:1    | Identified Vehumet's Guide on Confrontation
 51496 | Elf:1    | XOM: blink monster(s)
 51656 | Elf:1    | XOM: noise
 51748 | Elf:1    | XOM: summons 5 hostile demons
 51792 | Elf:1    | XOM: stat loss: -1 Str (13/14)
 52138 | Elf:1    | Noticed Aizul
 52145 | Elf:1    | XOM: severe Tmut miscast
 52148 | Elf:1    | XOM: harmless Necr miscast
 52170 | Elf:1    | XOM: stat loss: -1 Dex (19/20)
 52174 | Elf:1    | Killed Aizul
 52174 | Elf:1    | Reached skill level 15 in Hexes
 52337 | Elf:1    | XOM: summons 9 hostile demons
 52383 | Elf:1    | XOM: harmless Conj miscast
 52450 | Elf:1    | XOM: divination: detect creatures
 52460 | Elf:1    | Reached skill level 18 in Dodging
 52628 | Elf:1    | XOM: cloud trail
 52762 | Elf:2    | Reached skill level 10 in Ice Magic
 52769 | Elf:2    | XOM: divination: detect creatures
 52820 | Elf:2    | Found Gets's Gadget Shop.
 52873 | Elf:2    | Reached XP level 20. HP: 103/114 MP: 38/38
 52931 | Elf:2    | Found a runed gate.
 52931 | Elf:2    | Found a runed gate.
 52941 | Elf:2    | Found a runed gate.
 52962 | Elf:2    | Noticed Jorgrun
 52977 | Elf:2    | XOM: cast spell 'Alistair's Intoxication'
 52985 | Elf:2    | XOM: enchant monster (good)
 52996 | Elf:2    | Killed Jorgrun
 53169 | Elf:2    | Noticed Asterion
 53176 | Elf:2    | XOM: enchant monster (good)
 53209 | Elf:2    | XOM: potion effect (might)
 53214 | Elf:2    | XOM: potion effect (invisibility)
 53217 | Elf:2    | HP: 3/114 [Asterion/vampiric demon whip (21)]
 53218 | Elf:2    | Slain by an Executioner

Skill      XL: |  1  2  3  4  5  6  7  8  9 10 11 12 13 14 15 16 17 18 19 |
---------------+----------------------------------------------------------+-----
Dodging        | 3 4 5 6 8 10 11 13 14 15 16 17 18 | 18.1
Fighting       | 3 4 5 6 7 8 9 10 11 12 13 14 | 14.3
Short Blades   | 4 5 6 7 8 |  8.8
Ice Magic      | 3 5 7 8 10 | 10.1
Long Blades    | 4 5 7 8 10 11 12 13 | 13.2
Hexes          | 4 7 9 10 11 12 13 15 | 15.1
Spellcasting   | 2 4 7 9 11 12 | 12.9
Shields        | 4 |  4.0
Evocations     | 5 9 12 14 | 14.8
Armour         | 1 4 5 7 8 9 |  9.4
Conjurations   | 3 6 |  6.9
Air Magic      | 3 |  3.0

Action                   |  1- 3 |  4- 6 |  7- 9 | 10-12 | 13-15 | 16-18 | 19-21 || total
-------------------------+-------+-------+-------+-------+-------+-------+-------++-------
Melee: Short sword       |   180 |   225 |   602 |    13 |       |       |       ||  1020
       Headbutt          |       |    13 |   118 |   162 |   380 |    90 |       ||   763
       Scimitar          |       |       |       |   596 |  1677 |  2147 |   930 ||  5350
       Peck              |       |       |       |   127 |   492 |   608 |   250 ||  1477
Throw: Throwing net      |       |       |     1 |       |       |       |       ||     1
 Cast: Ensorcelled Hiber |       |       |     1 |     3 |     2 |       |       ||     6
       Tukima's Dance    |       |       |       |     5 |    66 |    18 |     2 ||    91
       Confuse           |       |       |       |       |     8 |    13 |     4 ||    25
       Metabolic Englaci |       |       |       |       |       |    46 |    10 ||    56
       Silence           |       |       |       |       |       |     1 |    13 ||    14
       Invisibility      |       |       |       |       |       |     1 |       ||     1
       Yara's Violent Un |       |       |       |       |       |       |     2 ||     2
 Abil: Evoke Flight      |       |       |       |       |     1 |       |     1 ||     2
       Evoke Berserk Rag |       |       |       |       |     1 |       |       ||     1
Evoke: Wand              |       |       |     9 |    23 |    38 |    12 |     9 ||    91
       Lightning rod     |       |       |       |     4 |       |       |     4 ||     8
  Use: Scroll            |     2 |     3 |     6 |    20 |    20 |    13 |     2 ||    66
       Potion            |     3 |     3 |     6 |     3 |     3 |    10 |     7 ||    35
 Stab: Sleeping          |     1 |     1 |     1 |     1 |    29 |     8 |     3 ||    44
       Petrifying        |     1 |       |       |       |       |       |       ||     1
       Confused          |     2 |       |       |     8 |     8 |    23 |    10 ||    51
       Distracted        |       |       |     4 |     2 |     6 |     5 |     2 ||    19
       Paralysed         |       |       |     1 |       |       |     1 |     1 ||     3
       Held in net/web   |       |       |     1 |       |       |       |       ||     1
       Invisible         |       |       |       |       |     2 |    20 |     5 ||    27
       Petrified         |       |       |       |       |     1 |       |       ||     1
  Eat: Chunk             |     1 |     2 |    16 |    19 |    29 |    12 |    13 ||    92
       Ration            |     1 |     1 |       |     1 |    10 |    16 |     4 ||    33
Armor: Leather armour    |    42 |    33 |    46 |    91 |    68 |       |       ||   280
       Skin              |       |       |       |       |    13 |       |     8 ||    21
       Ring mail         |       |       |       |       |   210 |   165 |       ||   375
       Acid dragon scale |       |       |       |       |       |    41 |   113 ||   154
Dodge: Dodged            |    93 |    89 |   199 |   412 |  1197 |  1343 |   482 ||  3815
       Deflected         |       |       |       |       |    13 |   117 |    28 ||   158
Block: Other             |       |     8 |    40 |    40 |       |       |       ||    88
       Buckler           |       |       |       |   178 |  1031 |  1083 |   390 ||  2682
       Reflection        |       |       |       |     3 |    38 |   116 |    58 ||   215
       Rpst.: Scimitar   |       |       |       |    98 |   300 |   263 |   120 ||   781
